 Dungeon Crawl Stone Soup version 0.25.1-8-g42b30a86e7 (webtiles) character file.

Game seed: 13781697778614023898

37 Clowwww the Skirmisher (level 3, 0/29 HPs)
             Began as a Demonspawn Fighter on Dec 6, 2020.
             Slain by Sigmund
             ... wielding a +0 scythe
              (1 damage)
             ... on level 2 of the Dungeon.
             The game lasted 00:02:34 (1416 turns).

Clowwww the Skirmisher (Demonspawn Fighter)         Turns: 1416, Time: 00:02:35

Health: 0/29       AC:  6    Str: 17    XL:     3   Next: 23%
Magic:  0/3        EV:  7    Int:  9    God:
Gold:   103        SH:  8    Dex: 12    Spells: 2/2 levels left

rFire    . . .     SeeInvis .   o - +3 war axe
rCold    . . .     Gourm    .   c - +0 kite shield
rNeg     . . .     Faith    .   b - +0 scale mail
rPois    .         Spirit   +   (no helmet)
rElec    .         Reflect  .   (no cloak)
rCorr    .         Harm     .   (no gloves)
MR       .....                  (no boots)
Stlth    ..........             (no amulet)
HPRegen  0.09/turn              (no ring)
MPRegen  0.08/turn              (no ring)

@: mighty
A: magic shield
a: no special abilities


You were on level 2 of the Dungeon.
You were not hungry.

You visited 1 branch of the dungeon, and saw 2 of its levels.

You collected 103 gold pieces.

Inventory:

Hand Weapons
 o - a +3 war axe (weapon)
Armour
 b - a +0 scale mail (worn)
 c - a +0 kite shield (worn)
Scrolls
 e - 4 scrolls of identify {unknown}
 i - 3 scrolls of remove curse {unknown}
 k - a scroll of teleportation {unknown}
Potions
 d - a potion of might
 g - a potion of invisibility {unknown}
 h - a potion of brilliance {unknown}
 j - a potion of stabbing {unknown}
 l - 2 potions of curing {unknown}
 m - a potion of resistance {unknown}
 n - a potion of haste {unknown}
Comestibles
 a - 2 chunks of flesh
 f - 4 rations


   Skills:
 + Level 3.5 Fighting
 + Level 2.1 Axes
 + Level 3.1 Armour
 + Level 0.3 Dodging
 + Level 2.9 Shields


You had 2 spell levels left.
You didn't know any spells.
Your spell library was empty.

Dungeon Overview and Level Annotations

Branches:
Dungeon (2/15)

Altars:

Annotations:
D:2 Sigmund


Innate Abilities, Weirdness & Mutations

When hurt, damage is shared between your health and your magic reserves.


Message History

Deactivating autopickup; reactivate with Ctrl-A.
You hit the goblin.
You kill the goblin!
Something hits you. Something hits you!
You see here a cursed -3 club.
You miss something. You miss something. Something hits you.
You hit something. Something hits you.
* * * LOW HITPOINT WARNING * * *
You feel very mighty all of a sudden.
You hear some strange, mumbled words.
A puff of flame appears from out of thin air!
The puff of flame hits you!
* * * LOW HITPOINT WARNING * * *
You slash something!
You hear some strange, mumbled words.
Something tries to affect you, but you resist.
Something hits you.
You die...

### ..# #!### ###...
##.####...##### ......
.......$....... ####.. #.
#...# #.####.###
...##....{.###
........@###.. # .#######.#
#.# .#.# ###### .# #.#
#.####.#. .....###.#
#.###)##.... ##.....>.#
#.....##.#.# .......#.#
#.....##.#(# ....>....#
#..........# .........#
#...†#.....#
.#..................#...<.#


There were no monsters in sight!

Vanquished Creatures
  A worm (D:2)
  2 dart slugs (D:1)
  2 bats (D:1)
  A giant cockroach (D:1)
  5 goblins
  4 hobgoblins
  10 kobolds
  2 frilled lizards (D:1)
  A rat (D:2)
28 creatures vanquished.

Notes
Turn   | Place    | Note
-------+----------+-------------------------------------------
     0 | D:1      | Clowwww the Demonspawn Fighter began the quest for the Orb.
     0 | D:1      | Reached XP level 1. HP: 18/18 MP: 1/1
   243 | D:1      | Gained mutation: When hurt, damage is shared between your
                  | health and your magic reserves. [demonic ancestry]
   243 | D:1      | Reached XP level 2. HP: 24/24 MP: 2/2
   919 | D:2      | Reached XP level 3. HP: 5/29 MP: 0/3
  1400 | D:2      | Noticed Sigmund
  1415 | D:2      | HP: 1/29 [something/puff of flame (7)]
  1416 | D:2      | Slain by Sigmund

Illustrated notes

Levels and vault maps discovered:
D:1:      lightli_arrival_windingriver, layout_basic
D:2:      layout_loops_cross, uniq_sigmund

Skill      XL: |  1  2 |
---------------+-------+-----
Axes           | 2 |  2.1
Armour         | 3 |  3.1
Fighting       | |  3.5
Dodging        | |  0.3
Shields        | |  2.9

Action                   || total
-------------------------++-------
Melee: War axe           ||    92
  Use: Potion            ||     1
  Eat: Chunk             ||     2
Armor: Scale mail        ||    44
Dodge: Dodged            ||    28
Block: Kite shield       ||    42
